 Dungeon Crawl Stone Soup version 0.21-a0-634-gaf8bc5d (webtiles) character file.

3488 Delita the Cleaver (level 9, 0/81 HPs)
             Began as a Minotaur Berserker on Dec 29, 2017.
             Was a High Priest of Trog.
             Slain by Grum
             ... wielding a +0 spear
              (6 damage)
             ... on level 8 of the Dungeon on Dec 30, 2017.
             The game lasted 01:01:39 (7648 turns).

Delita the Cleaver (Minotaur Berserker)             Turns: 7648, Time: 01:01:40

Health: 0/81       AC: 15    Str: 22    XL:     9   Next: 80%
Magic:  8/8        EV: 10    Int:  4    God:    Trog [*****.]
Gold:   378        SH:  0    Dex: 11    Spells: 8/8 levels left

rFire    . . .     SeeInvis .   z - +1 battleaxe
rCold    . . .     Gourm    .   (shield currently unavailable)
rNeg     + . .     Faith    .   A - +3 chain mail {rN+}
rPois    .         Spirit   .   (helmet restricted)
rElec    .         Reflect  .   (no cloak)
rCorr    .         Harm     .   (no gloves)
MR       +....                  (no boots)
Stlth    ..........             (no amulet)
HPRegen  0.23/turn              G - ring of protection from magic
MPRegen  0.11/turn              (no ring)

@: lethally poisoned (0 -> -1), berserk cooldown, slowed, very slow
A: retaliatory headbutt, horns 2, talons 1, slimy green scales 1, high mp 1,
weak 1
a: Berserk, Trog's Hand, Brothers in Arms, Burn Spellbooks, Renounce Religion


You were on level 8 of the Dungeon.
You worshipped Trog.
Trog was extremely pleased with you.
You were not hungry.

You visited 2 branches of the dungeon, and saw 9 of its levels.

You collected 378 gold pieces.

Inventory:

Hand Weapons
 a - a +0 hand axe
 e - a +0 blowgun
 f - a cursed -3 mace
 m - a +0 hand axe
 p - a +0 arbalest
 v - a +0 scythe
 z - a +1 battleaxe (weapon)
 B - a +0 hand axe of flaming
 F - a +0 hand axe
 K - a +0 glaive
 N - the +7 dagger "Kenag" {drain, +Blink rC- rN+++ Stlth+, unknown}
   (You found it on level 8 of the Dungeon)

   A truly terrible weapon, it drains the life of those it strikes.
   It makes you vulnerable to cold.
   It renders you almost immune to negative energy.
   It lets you blink.
   It makes you more stealthy.
Missiles
 g - 4 tomahawks
 i - 191 stones
 j - 40 arrows
 t - 57 bolts
 w - 4 poisoned javelins (quivered)
 I - 23 poisoned needles
Armour
 b - a +0 animal skin
 k - a +1 ring mail
 l - a +0 helmet
 y - a +0 scale mail
 A - a +3 chain mail of positive energy (worn)
 L - a +0 plate armour
Jewellery
 G - a ring of protection from magic (left hand)
 M - the ring of the Mage {Wiz MR++ Int+3}
   (You found it on level 7 of the Dungeon)

   [ring of wizardry]

   It improves your spell success rate.
   It affects your intelligence (+3).
   It affects your resistance to hostile enchantments.
Wands
 q - a wand of acid (8)
 u - a wand of flame (22)
 D - a wand of paralysis (16)
Scrolls
 n - a scroll of remove curse
 o - a scroll of silence
 r - a scroll of fog
 x - 4 scrolls of amnesia
 C - a scroll of identify
 J - a scroll of blinking
Potions
 d - a potion of flight
 h - a potion of mutation
 s - a potion of lignification
 H - a potion of berserk rage
Comestibles
 c - 4 rations


   Skills:
 + Level 8.0 Fighting
 + Level 12.1 Axes
 + Level 2.9 Throwing
 + Level 7.7 Armour
 + Level 4.3 Dodging
 + Level 0.6 Stealth


You had 8 spell levels left.
You didn't know any spells.

Dungeon Overview and Level Annotations

Branches:
Dungeon (8/15)             Temple (1/1) D:7
   Lair: D:8-11

Altars:
Ashenzari
Cheibriados
Dithmenos
Elyvilon
Fedhas
Gozag
Hepliaklqana
Kikubaaqudgha
Makhleb
Nemelex Xobeh
Okawaru
Qazlal
Ru
Sif Muna
Trog
Uskayaw
Vehumet
Wu Jian
Xom
Yredelemnul
Zin
The Shining One

Annotations:
D:8 Grum, Joseph


Innate Abilities, Weirdness & Mutations

You reflexively headbutt those who attack you in melee.
You have a pair of horns on your head.
You have sharp toenails.
You are partially covered in slimy green scales. (AC +2)
You have an increased reservoir of magic. (+10% MP)
You are weak. (Str -2)


Message History

Your headbutt misses the orc. The orc hits you but does no damage.
The orc closely misses you. You furiously retaliate!
You headbutt the orc. You slash the orc!
You kill the orc!
Trog accepts your kill.
You feel sick. The wolf barely misses you. The wolf closely misses you.
The wolf barely misses you.
The wolf bites you but does no damage. x3
Things that are here:
a hand axe; a leather armour; an orc corpse You feel sick.
The wolf bites you but does no damage.
The water moccasin bites you but does no damage.
The wolf bites you.
* * * LOW HITPOINT WARNING * * *
The water moccasin bites you.
* * * LOW HITPOINT WARNING * * *
You slash the water moccasin! Your kick misses the water moccasin.
The water moccasin is moderately wounded.
You slash the wolf! The wolf bites you but does no damage.
Grum hits you from afar with a spear.
You die...

....... .......
.......##
.........
........#
........#
........#
......hh########
......gS@......#
.....?.#######.#
....... #######


You could see Grum, a water moccasin and 2 wolves.

Vanquished Creatures
  The ghost of 0x5F3759DF the Ducker, a novice GnMo (D:6)
  A gargoyle (D:7)
  Prince Ribbit (D:6)
  Sigmund (D:2)
  An orc warrior (D:7)
  2 ice beasts
  A sky beast (D:7)
  2 phantoms
  2 ogres (D:5)
  A crocodile (D:8)
  Blork the orc (D:4)
  A big kobold (D:7)
  4 bullfrogs
  2 scorpions
  3 killer bees (D:8)
  A crimson imp (D:5)
  7 howler monkeys
  A jelly (D:8)
  2 hounds
  3 orc priests (D:7)
  5 orc wizards
  An iguana (D:6)
  3 worker ants
  A hound skeleton (D:6)
  5 adders
  7 gnolls
  3 shadow imps
  2 adder skeletons
  2 adder zombies
  3 worms
  A dart slug (D:1)
  5 leopard geckos
  22 orcs
  5 ball pythons
  6 giant cockroaches
  11 goblins
  7 hobgoblins
  6 jackals
  10 kobolds
  2 quokkas
  6 bats
  16 rats
  4 plants (D:7)
171 creatures vanquished.

Notes
Turn   | Place    | Note
-------+----------+-------------------------------------------
     0 | D:1      | Delita the Minotaur Berserker began the quest for the Orb.
     0 | D:1      | Reached XP level 1. HP: 19/19 MP: 0/0
   132 | D:1      | Reached XP level 2. HP: 27/27 MP: 1/1
   146 | D:1      | Reached skill level 4 in Axes
   442 | D:1      | Reached ** piety under Trog
   482 | D:1      | Reached XP level 3. HP: 30/33 MP: 2/2
  1388 | D:2      | Noticed Sigmund
  1404 | D:2      | Killed Sigmund
  1404 | D:2      | Reached skill level 5 in Axes
  1404 | D:2      | Reached XP level 4. HP: 38/41 MP: 3/3
  1404 | D:2      | Reached XP level 5. HP: 44/47 MP: 4/4
  1507 | D:2      | Gained mutation: You have an increased reservoir of magic. (+10% MP) [potion of mutation]
  1507 | D:2      | Gained mutation: You are weak. (Str -2) [potion of mutation]
  1507 | D:2      | Gained mutation: You are partially covered in slimy green scales. (AC +2) [potion of mutation]
  1507 | D:2      | Gained mutation: You have sharp toenails. [potion of mutation]
  1805 | D:3      | Reached skill level 6 in Axes
  1914 | D:3      | Reached XP level 6. HP: 54/55 MP: 5/5
  2035 | D:3      | Reached *** piety under Trog
  2237 | D:3      | Reached skill level 5 in Fighting
  2812 | D:4      | Noticed Blork the orc
  2818 | D:4      | Killed Blork the orc
  3611 | D:4      | Reached XP level 7. HP: 59/61 MP: 6/6
  4141 | D:5      | Entered Level 5 of the Dungeon
  4161 | D:5      | Reached skill level 7 in Axes
  4161 | D:5      | Reached skill level 5 in Armour
  4492 | D:5      | Reached skill level 1 in Throwing
  4875 | D:5      | Reached skill level 8 in Axes
  5163 | D:5      | Reached XP level 8. HP: 68/68 MP: 7/7
  5265 | D:5      | Found an iron altar of Okawaru.
  5630 | D:6      | Reached **** piety under Trog
  5665 | D:6      | Noticed Prince Ribbit
  5668 | D:6      | Reached skill level 9 in Axes
  5697 | D:6      | Killed Prince Ribbit
  5925 | D:6      | Noticed 0x5F3759DF's ghost (novice GnMo)
  5935 | D:6      | Killed 0x5F3759DF's ghost
  5935 | D:6      | Reached skill level 10 in Axes
  6102 | D:6      | Found a snail-covered altar of Cheibriados.
  6388 | D:7      | Found a staircase to the Ecumenical Temple.
  6395 | D:7      | Reached XP level 9. HP: 78/78 MP: 8/8
  6676 | D:7      | Noticed a gargoyle
  6690 | D:7      | Killed a gargoyle
  6690 | D:7      | Reached skill level 11 in Axes
  6967 | D:7      | Received a gift from Trog
  7115 | Temple   | Entered the Ecumenical Temple
  7379 | D:7      | Found the ring of the Mage {Wiz MR++ Int+3}
  7553 | D:8      | Got a translucent dagger
  7623 | D:8      | Noticed Joseph
  7628 | D:8      | Reached skill level 12 in Axes
  7630 | D:8      | Reached ***** piety under Trog
  7644 | D:8      | Noticed Grum
  7648 | D:8      | Slain by Grum

Vault maps used:
D:1:      dpeg_arrival_solitude, hangedman_decor_riveting
D:2:      uniq_sigmund
D:3:      serial_corexii_hall, corexii_hall_statues_l, corexii_hall_statues_x,
          corexii_hall_statues_i, corexii_hall_statues_deadend,
          corexii_hall_statues_l, corexii_hall_statues_u, first_ration,
          st_stairs_13
D:4:      uniq_blork_the_orc
D:5:      lemuel_crystal_altar
D:6:      minmay_ruined_shrine, uniq_prince_ribbit1
D:7:      minmay_temple_entry_overgrown
D:8:      uniq_grum, uniq_joseph
Temple:   grunt_wide_crystal_templ

Skill      XL: |  1  2  3  4  5  6  7  8  9 |
---------------+----------------------------+-----
Axes           | 4 5 6 8 10 12 | 12.1
Fighting       | 4 5 6 8 |  8.0
Armour         | 3 4 5 7 |  7.7
Dodging        | 3 4 |  4.3
Throwing       | 1 2 |  2.9
Stealth        | |  0.6

Action                   |  1- 3 |  4- 6 |  7- 9 || total
-------------------------+-------+-------+-------++-------
Melee: Hand axe          |    74 |    57 |       ||   131
       Headbutt          |    13 |     9 |    44 ||    66
       Kick              |       |    25 |    57 ||    82
       Battleaxe         |       |     9 |   232 ||   241
Throw: Stone             |       |    10 |    13 ||    23
       Tomahawk          |       |       |    13 ||    13
       Javelin           |       |       |     6 ||     6
Invok: Berserk           |     1 |       |     6 ||     7
  Use: Potion            |     1 |     1 |     7 ||     9
       Scroll            |       |     8 |     9 ||    17
  Eat: Ration            |     1 |     2 |     5 ||     8
       Chunk             |       |     1 |       ||     1
Armor: Animal skin       |     6 |       |       ||     6
       Ring mail         |    10 |    33 |       ||    43
       Chain mail        |       |     4 |   132 ||   136
Dodge: Dodged            |    52 |    46 |   116 ||   214

Table legend:
 A = Spawn XP
 B = Non-spawn XP
 C = Spawn XP percentage of total XP
 D = Spawn monster count
 E = Non-spawn monster count
 F = Spawn count percentage of total count
 G = Total turns spent on level
                    A         B        C        D         E        F      G
               +---------+---------+-------+---------+---------+-------+---------
         Total |       0 |    4983 |   0.0 |       0 |     167 |   0.0 |  7648
               +---------+---------+-------+---------+---------+-------+---------
           D:1 |       0 |      52 |   0.0 |       0 |      31 |   0.0 |  1023
           D:2 |       0 |     269 |   0.0 |       0 |      23 |   0.0 |   774
           D:3 |       0 |     161 |   0.0 |       0 |      20 |   0.0 |   750
           D:4 |       0 |     257 |   0.0 |       0 |      11 |   0.0 |  1597
           D:5 |       0 |     814 |   0.0 |       0 |      24 |   0.0 |  1483
           D:6 |       0 |    1241 |   0.0 |       0 |      18 |   0.0 |   692
           D:7 |       0 |    1634 |   0.0 |       0 |      30 |   0.0 |  1068
           D:8 |       0 |     555 |   0.0 |       0 |      10 |   0.0 |   127
               +---------+---------+-------+---------+---------+-------+---------
